 Dungeon Crawl Stone Soup version 0.29.1-15-g9cfb28693d (webtiles) character file.

Game seed: 4707864075298723001

65 Leximancer the Trooper (level 4, -8/49 HPs)
             Began as an Ogre Cinder Acolyte on Mar 15, 2023.
             Was a High Priest of Ignis.
             Mangled by an iguana (12 damage)
             ... on level 3 of the Dungeon.
             The game lasted 00:12:17 (1973 turns).

Leximancer the Trooper (Ogre Cinder Acolyte)        Turns: 1973, Time: 00:12:18

Health: -8/49      AC:  3    Str: 20    XL:     4   Next: 14%
Magic:  5/5        EV:  9    Int: 15    God:    Ignis [*****.]
Gold:   114        SH:  0    Dex:  4    Spells: 5/5 levels left

rFire   + . .      SeeInvis .   a - -1 spear (flame)
rCold   . . .      Faith    .   (no shield)
rNeg    . . .      Spirit   .   b - +0 robe
rPois   .          Reflect  .   (helmet restricted)
rElec   .          Harm     .   (no cloak)
rCorr   .          Rampage  .   (gloves unavailable)
Will    .....                   (boots unavailable)
Stlth   +.........              (no amulet)
HPRegen 0.16/turn               (no ring)
MPRegen 0.09/turn               (no ring)

@: hasted, very quick
A: large, unfitting armour, tough skin 1
a: Renounce Religion, Fiery Armour, Foxfire Swarm, Rising Flame


You were on level 3 of the Dungeon.
You worshipped Ignis.
Ignis was extremely pleased with you.
You visited 1 branch of the dungeon, and saw 3 of its levels.

You collected 114 gold pieces.

Inventory:

Hand Weapons
 a - a -1 spear of flaming (weapon)
 j - a +2 mace of venom
 o - a +0 sling
 B - a +5 short sword of freezing
Missiles
 e - 15 stones (quivered)
Armour
 b - a +0 robe (worn)
Magical Staves
 m - a staff of fire
Jewellery
 C - a ring of protection from cold
Scrolls
 c - a scroll of acquirement {unknown}
 f - 2 scrolls of amnesia {unknown}
 g - 3 scrolls of identify {unknown}
 i - a scroll of butterflies {unknown}
 k - a scroll of enchant armour {unknown}
 q - a scroll of magic mapping {unknown}
 s - a scroll of teleportation {unknown}
 w - a scroll of noise {unknown}
 x - a scroll of blinking {unknown}
 y - a scroll of brand weapon {unknown}
 A - a scroll of fear {unknown}
Potions
 d - a potion of lignification {unknown}
 h - 2 potions of heal wounds {unknown}
 l - a potion of degeneration {unknown}
 n - 3 potions of curing {unknown}
 p - a potion of flight {unknown}
 r - a potion of resistance {unknown}
 t - 2 potions of attraction {unknown}
 u - a potion of magic {unknown}
 v - 2 potions of haste
 z - a potion of mutation {unknown}
 D - a potion of ambrosia {unknown}


   Skills:
 + Level 4.6 Fighting
 + Level 3.8 Polearms
 + Level 0.9 Dodging
 + Level 1.2 Spellcasting
 + Level 3.2 Fire Magic


You had 5 spell levels left.
You didn't know any spells.
Your spell library contained the following spells:

 Spells                   Type           Power      Damage    Failure   Level
 Scorch                   Fire           20%        2d6       10%         2


Dungeon Overview and Level Annotations

Branches:
Dungeon (3/15)

Altars:
Fedhas

Shops:
D:2 ?


Innate Abilities, Weirdness & Mutations

You are too large for most types of armour.
You have tough skin. (AC +1)


Message History

There is a stone staircase leading down here.
h - 2 fuming pink potions (gained 1)
There is a stone staircase leading up here.
You climb upwards.
There is a stone staircase leading down here.
You climb downwards.
There is a stone staircase leading up here.
A dart slug comes into view.
The dart slug moves out of view.
You reach to attack!
You hit the dart slug. You burn the dart slug.
The dart slug is severely wounded.
You reach to attack!
You hit the dart slug. You burn the dart slug.
You kill the dart slug!
You see here a dart slug corpse.
An iguana comes into view.
The iguana hisses angrily.
You barely miss the iguana. The iguana bites you!
You hit the iguana but do no damage.
The iguana bites you but does no damage.
You closely miss the iguana.
The iguana hisses menacingly.
The iguana closely misses you.
You hit the iguana but do no damage. The iguana barely misses you.
You hit the iguana. You burn the iguana.
The iguana is moderately wounded.
The iguana bites you!
You hit the iguana but do no damage.
The iguana is moderately wounded.
The iguana bites you.
You hit the iguana but do no damage.
The iguana is moderately wounded.
You barely miss the iguana.
The iguana is moderately wounded.
The iguana bites you!
You hit the iguana but do no damage.
The iguana is moderately wounded.
The iguana bites you!
* * * LOW HITPOINT WARNING * * *
It was a potion of haste.
You feel yourself speed up. The iguana bites you!
You die...

##### #@..#########
#l###........# ##
#.. #..#####.#####.
#.. #..##..........
#.#...#.##.##.#####.
#.##.##.##.##.# ##
#.............# ####
#..#......#.### #...
#..#####....# #.##


You could see an iguana.

Vanquished Creatures
  2 worms
  6 dart slugs
  An orc (D:2)
  5 endoplasms
  A giant cockroach (D:2)
  2 hobgoblins (D:1)
  4 jackals (D:1)
  A quokka (D:2)
  4 ball pythons
  5 bats
  3 frilled lizards
  7 goblins
  2 kobolds (D:1)
  3 rats
46 creatures vanquished.

Notes
Turn   | Place    | Note
-------+----------+-------------------------------------------
     0 | D:1      | Leximancer the Ogre Cinder Acolyte began the quest for the
                  | Orb.
     0 | D:1      | Reached XP level 1. HP: 24/24 MP: 2/2
   178 | D:1      | Reached XP level 2. HP: 24/32 MP: 3/3
   294 | D:1      | Reached XP level 3. HP: 21/39 MP: 4/4
   980 | D:2      | Found a blossoming altar of Fedhas.
  1102 | D:2      | Found a faded altar of an unknown god.
  1610 | D:2      | Reached XP level 4. HP: 49/49 MP: 5/5
  1611 | D:2      | Found Ocsew's Magic Scroll Boutique.
  1973 | D:3      | Mangled by an iguana

Illustrated notes

Levels and vault maps discovered:
D:1:      psy_arrival_basics, layout_basic
D:2:      minmay_spotlight, layout_loops_ring, basic_ecumenical_altar,
          serial_shops, nicolae_shop_statue_plus, basic_altar
D:3:      layout_loops_cross, grunt_ministairs_1

Skill      XL: |  1 |
---------------+----+-----
Fire Magic     | 3 |  3.2
Fighting       | |  4.6
Polearms       | |  3.8
Dodging        | |  0.9
Spellcasting   | |  1.2

Action                   |  1- 3 |  4- 6 || total
-------------------------+-------+-------++-------
Melee: Spear             |   130 |    20 ||   150
       Punch             |     2 |       ||     2
  Use: Potion            |       |     1 ||     1
Armor: Robe              |    20 |     2 ||    22
Dodge: Dodged            |    41 |     4 ||    45
